 Dungeon Crawl Stone Soup version 0.22-a0-422-g9628fc8 (webtiles) character file.

139 Jinx the Grave Robber (level 5, -5/41 HPs)
             Began as a Demonspawn Necromancer on May 16, 2018.
             Shot with an arrow by a centaur (8 damage)
             ... on level 3 of the Dungeon.
             The game lasted 00:06:45 (2646 turns).

Jinx the Grave Robber (Demonspawn Necromancer)      Turns: 2646, Time: 00:06:45

Health: -5/41      AC:  2    Str:  9    XL:     5   Next: 1%
Magic:  6/8        EV: 12    Int: 17    God:
Gold:   109        SH:  0    Dex: 13    Spells: 4/8 levels left

rFire    . . .     SeeInvis .   (no weapon)
rCold    . . .     Gourm    .   (no shield)
rNeg     . . .     Faith    .   a - +0 robe
rPois    .         Spirit   .   (no helmet)
rElec    .         Reflect  .   (no cloak)
rCorr    .         Harm     .   (no gloves)
MR       .....                  (no boots)
Stlth    ++........             (no amulet)
HPRegen  0.13/turn              (no ring)
MPRegen  0.11/turn              (no ring)

@: no status effects
A: powered by death 1, spiny 1
a: no special abilities


You were on level 3 of the Dungeon.
You were not hungry.

You visited 1 branch of the dungeon, and saw 3 of its levels.

You collected 109 gold pieces.

Inventory:

Armour
 a - a +0 robe (worn)
Jewellery
 i - an uncursed amulet of the acrobat {unknown}
Scrolls
 d - 3 scrolls of identify {unknown}
 e - a scroll of fog {unknown}
 f - 2 scrolls of enchant armour {unknown}
 g - a scroll of magic mapping {unknown}
 h - a scroll of remove curse {unknown}
Potions
 b - 3 potions of curing {unknown}
 c - a potion of flight {unknown}


   Skills:
 + Level 3.2 Fighting
 - Level 1.7 Dodging
 - Level 1.7 Stealth
 - Level 2.0 Spellcasting
 + Level 5.8 Necromancy


You had 4 spell levels left.
You knew the following spells:

 Your Spells              Type           Power        Failure   Level  Hunger
a - Pain                  Necr           ###.         1%          1    #......
b - Vampiric Draining     Necr           ###.......   5%          3    ###....

Your spell library contained the following spells:

 Spells                   Type           Power        Failure   Level  Hunger
 Animate Dead             Necr           N/A          17%         4    #####..
 Animate Skeleton         Necr           N/A          1%          1    #......
 Regeneration             Chrm/Necr      ##........   17%         3    ###....


Dungeon Overview and Level Annotations

Branches:
Dungeon (3/15)

Altars:


Innate Abilities, Weirdness & Mutations

You regenerate a little health from kills.
You are partially covered in sharp spines.


Message History

You climb downwards.
The centaur wields a shortbow.
The centaur shoots an arrow.
The arrow closely misses you.
There is a stone staircase leading up here.
You see here an arrow.
Casting: Vampiric Draining (safe; 5% risk of failure)
Confirm with . or Enter, or press ? or * to list all spells.
Aiming: Pain (safe; 1% risk of failure)
Press: ? - help, Shift-Dir - straight line, f - centaur
Aim: a centaur, wielding a shortbow (chance to defeat MR: 80%)
The centaur writhes in agony!
The centaur shoots an arrow.
The arrow hits you!
Casting: Pain (safe; 1% risk of failure)
Confirm with . or Enter, or press ? or * to list all spells.
Aiming: Pain (safe; 1% risk of failure)
Press: ? - help, Shift-Dir - straight line, f/p - centaur
Aim: a centaur, wielding a shortbow (moderately wounded, chance to defeat MR: 80%)
The centaur barely resists.
The centaur shoots an arrow.
The arrow hits you!
The centaur shoots an arrow.
The arrow hits you!
* * * LOW HITPOINT WARNING * * *
The centaur shoots an arrow.
The arrow hits you!
You die...

... ... . .#.#.#
.. ..... #.#.#.#
....>. ...# #
#.####.#..#
#.#.@.......#
.##.#.#)####.#..#
...............
###.#.#c.......
#.#.##..... . ...
..... .#.#...
#.#. .........
... ##.# #.####
#.


You could see a centaur.

Vanquished Creatures
  An orc priest (D:3)
  4 gnolls (D:2)
  An adder (D:2)
  A worm (D:3)
  3 dart slugs
  2 leopard geckos
  2 orcs (D:3)
  3 giant cockroaches (D:2)
  6 goblins
  8 hobgoblins
  A quokka (D:2)
  7 bats
  3 frilled lizards (D:2)
  6 kobolds
  3 rats
51 creatures vanquished.

Notes
Turn   | Place    | Note
-------+----------+-------------------------------------------
     0 | D:1      | Jinx the Demonspawn Necromancer began the quest for the Orb.
     0 | D:1      | Reached XP level 1. HP: 13/13 MP: 3/3
   273 | D:1      | Reached skill level 1 in Fighting
   321 | D:1      | Gained mutation: You are partially covered in sharp spines. [demonic ancestry]
   321 | D:1      | Reached XP level 2. HP: 19/21 MP: 1/5
   863 | D:2      | Reached skill level 5 in Necromancy
   863 | D:2      | Reached XP level 3. HP: 23/27 MP: 3/6
  1003 | D:2      | Learned a level 3 spell: Vampiric Draining
  1640 | D:2      | Gained mutation: You regenerate a little health from kills. [demonic ancestry]
  1640 | D:2      | Reached XP level 4. HP: 29/34 MP: 1/7
  2514 | D:3      | Noticed a centaur
  2519 | D:3      | Reached XP level 5. HP: 22/41 MP: 1/8
  2646 | D:3      | Shot with an arrow by a centaur

Vault maps used:
D:1:      mrwooster_arrival_arrow
D:2:      hex_tiny, minmay_ruptured
D:3:      minitemple, nicolae_gozag_seed_capital, first_ration

Skill      XL: |  1  2  3  4 |
---------------+-------------+-----
Fighting       | 1 2 3 |  3.2
Necromancy     | 5 |  5.8
Dodging        | |  1.7
Stealth        | |  1.7
Spellcasting   | |  2.0

Action                   |  1- 3 |  4- 6 || total
-------------------------+-------+-------++-------
Melee: Unarmed           |    13 |     7 ||    20
 Cast: Pain              |    49 |    42 ||    91
       Vampiric Draining |       |     1 ||     1
  Eat: Ration            |     1 |       ||     1
       Chunk             |       |     3 ||     3
Armor: Robe              |       |     2 ||     2
Dodge: Dodged            |    15 |     5 ||    20

Table legend:
 A = Spawn XP
 B = Non-spawn XP
 C = Spawn XP percentage of total XP
 D = Spawn monster count
 E = Non-spawn monster count
 F = Spawn count percentage of total count
 G = Total turns spent on level
                    A         B        C        D         E        F      G
               +---------+---------+-------+---------+---------+-------+---------
         Total |       0 |     199 |   0.0 |       0 |      51 |   0.0 |  2646
               +---------+---------+-------+---------+---------+-------+---------
           D:1 |       0 |      24 |   0.0 |       0 |      14 |   0.0 |   828
           D:2 |       0 |     117 |   0.0 |       0 |      32 |   0.0 |  1752
           D:3 |       0 |      58 |   0.0 |       0 |       5 |   0.0 |    66
               +---------+---------+-------+---------+---------+-------+---------
